AoeStats
← ♾

Arabia

503266564Analyzed
2v2 RM · 1mo ago on Aug 30, 2026· 56m 55s· 4 players
Game mode
Random Map
Map size
Medium (4 player)
Population
200
Speed
Normal
Resources
Standard
Victory
Conquest
Starting age
Dark Age
Ending age
Imperial Age
RankedLock teamsTeams togetherTeam positionsShared explorationLock speedFull tech treeHidden civsTurbo modeCheats
Victory
Defeat
🇺🇸 Cumans · United States
964
+14
🇺🇸 Khmer · United States
964
+14
🇭🇰 Malay · Hong Kong SAR China
945
-15
🇨🇱 Britons · Chile
884
-33
brain888hk
11:33 Feudal Age
12:25 Wheelbarrow
11:37 Loom
12:29 Wheelbarrow
12:01 Double-Bit Axe
14:39 Horse Collar
18:26 Gold Mining
19:15 Fletching
23:56 Castle Age
21:47 Man-at-Arms
22:12 Arson
23:35 Scale Barding Armor
23:41 Forging
23:45 Bow Saw
24:13 Gold Shaft Mining
23:49 Husbandry
26:24 Light Cavalry
28:46 Pikeman
29:27 Squires
30:08 Iron Casting
34:28 Hand Cart
39:36 Crossbowman
40:22 Thumb Ring
43:13 Bodkin Arrow
43:18 Padded Archer Armor
50:31 Imperial Age
52:57 Blast Furnace
51:58 Bracer
52:13 Leather Archer Armor
52:00 Elite Battle Elephant
52:29 Onager
♾
11:00 Feudal Age
13:02 Town Watch
13:57 Wheelbarrow
13:19 Double-Bit Axe
13:47 Horse Collar
14:38 Town Watch
15:08 Man-at-Arms
22:39 Man-at-Arms
23:05 Arson
23:24 Scale Mail Armor
23:25 Padded Archer Armor
30:29 Stone Mining
30:30 Gold Mining
33:58 Castle Age
32:07 Padded Archer Armor
32:01 Fletching
32:17 Scale Barding Armor
33:29 Forging
38:00 Gold Shaft Mining
37:40 Bow Saw
38:45 Town Patrol
39:01 Hand Cart
38:49 Heavy Plow
39:05 Crossbowman
39:06 Elite Skirmisher
39:50 Husbandry
39:41 Gambesons
41:34 Devotion
DarkisHD
7:58 Loom
10:30 Feudal Age
11:16 Double-Bit Axe
17:51 Wheelbarrow
21:26 Castle Age
20:09 Padded Archer Armor
21:37 Horse Collar
23:02 Bow Saw
24:57 Scale Barding Armor
26:21 Gold Mining
28:51 Sanctity
29:54 Forging
31:29 Fervor
33:04 Chain Barding Armor
33:20 Iron Casting
34:10 Bloodlines
38:53 Imperial Age
38:02 Fletching
39:20 Heavy Plow
40:18 Plate Barding Armor
39:57 Stone Mining
40:55 Conscription
43:35 Blast Furnace
43:21 Bodkin Arrow
43:37 Steppe Husbandry
44:51 Ballistics
44:50 Leather Archer Armor
48:00 Ring Archer Armor
46:55 Elite Skirmisher
49:14 Elite Steppe Lancer
51:56 Chemistry
57:25 Hoardings
davdarkis
0:28 Loom
12:28 Feudal Age
13:46 Wheelbarrow
16:37 Double-Bit Axe
16:43 Horse Collar
20:04 Man-at-Arms
23:10 Gold Mining
23:14 Stone Mining
25:30 Scale Mail Armor
25:41 Forging
27:42 Castle Age
28:59 Pikeman
33:00 Iron Casting
32:41 Chain Mail Armor
33:01 Long Swordsman
34:46 Heavy Plow
35:41 Padded Archer Armor
35:32 Fletching
37:20 Hand Cart
38:56 Caravan
39:30 Coinage
39:43 Ballistics
39:27 Murder Holes
40:16 Bow Saw
44:03 Tusk Swords
44:24 Leather Archer Armor
46:56 Bodkin Arrow
47:08 Scale Barding Armor
50:55 Imperial Age
50:43 Chain Barding Armor
53:08 Blast Furnace
52:09 Bracer
52:39 Ring Archer Armor
52:46 Plate Barding Armor
52:25 Two-Handed Swordsman
56:10 Elite Ballista Elephant
57:25 Hoardings
56:53 Double Crossbow
Connection lost

Rejoining the realm…

Still unreachable

The connection could not be restored.

Session expired

The server has moved on; the page needs a fresh start.